 Dungeon Crawl Stone Soup version 0.23-a0-169-gb21e695 (webtiles) character file.

674 glosham the Chucker (level 7, 0/66 HPs)
             Began as a Troll Abyssal Knight on Sept 10, 2018.
             Was a Believer of Lugonu.
             Slain by a slave (10 damage)
             ... led by Pikel
             ... on level 5 of the Dungeon on Sept 11, 2018.
             The game lasted 01:00:00 (3022 turns).

glosham the Chucker (Troll Abyssal Knight)          Turns: 3022, Time: 01:00:01

Health: 0/66       AC:  5    Str: 23    XL:     7   Next: 33%
Magic:  7/7        EV: 10    Int:  9    God:    Lugonu [**....]
Gold:   216        SH:  0    Dex: 10    Spells: 5/6 levels left

rFire    + . .     SeeInvis .   a - +8 fustibalus of Ambiguity {flame, rF+ rN+ MR+ Str+2}
rCold    . . .     Gourm    +   (no shield)
rNeg     + . .     Faith    .   d - +0 robe
rPois    .         Spirit   .   (helmet restricted)
rElec    .         Reflect  .   (no cloak)
rCorr    .         Harm     .   (gloves unavailable)
MR       +....                  (boots unavailable)
Stlth    ++........             z - amulet of magic regeneration
HPRegen  0.61/turn              A - ring of flight
MPRegen  0.35/turn              B - ring of stealth

@: no status effects
A: large, unfitting armour, claws 3, fast metabolism 3, gourmand, regeneration
1, shaggy fur 1, tough skin 2
a: Depart the Abyss, Bend Space, Renounce Religion, Evoke Flight


You were on level 5 of the Dungeon.
You worshipped Lugonu.
Lugonu was pleased with you.
You were very full.

You visited 1 branch of the dungeon, and saw 5 of its levels.
You visited the Abyss 1 time.

You collected 216 gold pieces.

Inventory:

Hand Weapons
 a - the +8 fustibalus of Ambiguity (weapon) {flame, rF+ rN+ MR+ Str+2}
   (You found it on level 3 of the Abyss)

   It causes projectiles fired from it to burn those they strike, causing extra
   injury to most foes and up to half again as much damage against particularly
   susceptible opponents.
   It affects your strength (+2).
   It protects you from fire.
   It protects you from negative energy.
   It affects your resistance to hostile enchantments.
 p - a +0 flail
 q - a +2 mace of crushing
 r - a +2 dagger of venom
 s - a +2 dagger of draining
 w - a +0 giant spiked club
 y - a +0 war axe
Missiles
 c - 25 sling bullets (quivered)
 e - a silver tomahawk
 i - 139 stones
 t - 64 arrows
 v - 21 poisoned needles
 x - 3 javelins
Armour
 d - a +0 robe (worn)
Jewellery
 z - an amulet of magic regeneration (around neck)
 A - a ring of flight (left claw)
 B - a ring of stealth (right claw)
 N - an uncursed ring of positive energy
Scrolls
 f - 6 scrolls of remove curse
 g - 5 scrolls of teleportation
 j - a scroll of blinking
 m - 3 scrolls of fear
 o - a scroll of enchant weapon
Potions
 h - a potion of mutation {unknown}
 k - 9 potions of curing
 l - 2 potions of lignification {unknown}
 n - a potion of heal wounds
 u - a potion of ambrosia
 D - a potion of agility {unknown}
Comestibles
 b - 9 rations
 C - a chunk of flesh


   Skills:
 - Level 2.4 Fighting
 * Level 7.3 Throwing
 - Level 1.9 Dodging
 - Level 2.0 Unarmed Combat
 - Level 1.5 Invocations


You had 5 spell levels left.
You knew the following spells:

 Your Spells              Type           Power        Failure   Level  Hunger
c - Confusing Touch       Hex            #.....       38%         1    ##.....

Your spell library contained the following spells:

 Spells                   Type           Power        Failure   Level  Hunger
 Confuse                  Hex            #.......     77%         3    ####...
 Gell's Gravitas          Tloc           #.........   77%         3    ####...
 Petrify                  Tmut/Erth      #.......     99%         4    #####..
 Metabolic Englaciation   Hex/Ice        #.........   100%        5    ######.
 Yara's Violent Unravell  Hex/Tmut       #.........   100%        5    ######.


Dungeon Overview and Level Annotations

Branches:
Dungeon (5/15)
 Temple: D:4-7

Altars:
Ashenzari
Fedhas
Kikubaaqudgha
Okawaru
Sif Muna
Trog
Uskayaw
Wu Jian
Zin

Shops:
D:5 *

Annotations:
D:3 moth of wrath (grate)
D:5 Pikel


Innate Abilities, Weirdness & Mutations

You are too large for most types of armour.
You have claws for hands.
Your metabolism is lightning-fast.
You like to eat raw meat.
Your natural rate of healing is unusually fast.
You are covered in fur. (AC +1)
You have very tough skin. (AC +2)


Message History

You kill the slave!
That felt strangely unrewarding.
The slave hits you but does no damage. The slave hits you.
Pikel hits you with a whip of freezing. Pikel freezes you.
Firing (i - inventory. (/) - cycle)
i - 141 stones (quivered)
Press: ? - help, Shift-Dir - straight line, f - Pikel
Aim: Pikel, wielding a whip of freezing and wearing a robe (heavily wounded)
You shoot a stone. The stone hits Pikel.
The stone burns Pikel.
Pikel is heavily wounded.
The slave hits you! x2; Pikel barely misses you.
The slave hits you. The slave hits you but does no damage.
Firing (i - inventory. (/) - cycle)
i - 140 stones (quivered)
Press: ? - help, Shift-Dir - straight line, f/p - Pikel
Aim: Pikel, wielding a whip of freezing and wearing a robe (heavily wounded)
You shoot a stone. The stone closely misses Pikel.
Pikel hits you but does no damage. The slave hits you. x2
Pikel hits you but does no damage.
Unknown command.
Firing (i - inventory. (/) - cycle)
c - 27 sling bullets
Press: ? - help, Shift-Dir - straight line, f/p - Pikel
Aim: Pikel, wielding a whip of freezing and wearing a robe (heavily wounded)
You shoot a sling bullet. The sling bullet hits Pikel.
The sling bullet burns Pikel.
Pikel is severely wounded.
The slave hits you.
* * * LOW HITPOINT WARNING * * *
The slave hits you.
* * * LOW HITPOINT WARNING * * *
Pikel hits you with a whip of freezing.
* * * LOW HITPOINT WARNING * * *
Pikel freezes you.
* * * LOW HITPOINT WARNING * * *
The slave hits you.
* * * LOW HITPOINT WARNING * * *
Firing (i - inventory. (/) - cycle)
c - 26 sling bullets (quivered)
Press: ? - help, Shift-Dir - straight line, p - Pikel You shoot a sling bullet.
The sling bullet hits Pikel.
The sling bullet burns Pikel.
Pikel is severely wounded.
The slave hits you!
You die...

...##................#
..####...<...........# ..#
#..............## ###
#..............#
..#####............##
....####..........##
.......#..........#
............[....## ###
...<......#.....@### #.##
..........##.....p.## #..##
..........##.....K..###...##
..........##......p...#....##
..........#.................#
..........#.................##
...[....#.<..####............#
.......##....#
###..........####
......###....# ####..........#


You could see Pikel and 2 slaves.

Vanquished Creatures
  Grinder (D:5)
  2 slaves (D:5)
  An ogre (D:4)
  A centaur zombie (D:5)
  An orc priest (D:4)
  A hound (D:5)
  3 orc wizards
  Natasha (twice) (D:4)
  2 worker ants
  A hound skeleton (D:5)
  A gnoll (D:1)
  2 adders
  2 worms
  2 dart slugs (D:2)
  2 leopard geckos
  4 orcs (D:3)
  3 giant cockroaches
  11 goblins
  7 hobgoblins
  4 jackals (D:4)
  8 kobolds
  5 bats
  5 frilled lizards
  5 rats (D:3)
76 creatures vanquished.

Notes
Turn   | Place    | Note
-------+----------+-------------------------------------------
     0 | Abyss:1  | glosham the Troll Abyssal Knight began the quest for the
                  | Orb.
     0 | Abyss:1  | Reached XP level 1. HP: 22/22 MP: 1/1
    47 | Abyss:1  | Noticed a ynoxinul
    56 | Abyss:2  | Found a corrupted altar of Lugonu.
    71 | Abyss:2  | Noticed a neqoxec
    88 | Abyss:3  | Found a corrupted altar of Lugonu.
    88 | Abyss:3  | Found a corrupted altar of Lugonu.
    88 | Abyss:3  | Noticed a death knight
    88 | Abyss:3  | Noticed a ghoul
    88 | Abyss:3  | Noticed a deep elf death mage
    88 | Abyss:3  | Noticed a spiny frog
    88 | Abyss:3  | Noticed a manticore
    88 | Abyss:3  | Noticed an orc warrior
    88 | Abyss:3  | Noticed a sea snake
    89 | Abyss:3  | Noticed a tyrant leech
    89 | Abyss:3  | Noticed a merfolk
    90 | Abyss:3  | Got a scorched fustibalus
    91 | D:1      | Escaped the Abyss
    93 | D:1      | Identified the +8 fustibalus of Ambiguity {flame, rF+ rN+
                  | MR+ Str+2} (You found it on level 3 of the Abyss)
   238 | D:1      | Reached skill level 1 in Throwing
   288 | D:1      | Reached XP level 2. HP: 29/29 MP: 2/2
   354 | D:1      | Reached skill level 2 in Throwing
   410 | D:1      | Reached * piety under Lugonu
   596 | D:1      | Reached XP level 3. HP: 36/36 MP: 3/3
   731 | D:2      | Found a glowing silver altar of Zin.
   732 | D:2      | Found a shattered altar of Ashenzari.
   846 | D:2      | Found a hide-covered altar of Uskayaw.
   849 | D:2      | Found a deep blue altar of Sif Muna.
   850 | D:2      | Found an ancient bone altar of Kikubaaqudgha.
   850 | D:2      | Found an ornate altar of the Wu Jian Council.
  1058 | D:2      | Reached skill level 3 in Throwing
  1120 | D:2      | Found a blossoming altar of Fedhas.
  1220 | D:3      | Reached ** piety under Lugonu
  1261 | D:3      | Reached XP level 4. HP: 44/44 MP: 4/4
  1406 | D:3      | Noticed a moth of wrath
  1421 | D:3      | Found a bloodstained altar of Trog.
  1602 | D:3      | Learned a level 1 spell: Confusing Touch
  1657 | D:3      | Reached skill level 4 in Throwing
  2018 | D:4      | Noticed an ogre
  2021 | D:4      | Killed an ogre
  2021 | D:4      | Reached XP level 5. HP: 50/50 MP: 5/5
  2070 | D:4      | Upgraded the game from 0.23-a0-164-g7711e57 to
                  | 0.23-a0-169-gb21e695
  2107 | D:5      | Entered Level 5 of the Dungeon
  2109 | D:5      | Reached skill level 5 in Throwing
  2145 | D:4      | Noticed Natasha
  2147 | D:4      | Killed Natasha
  2147 | D:4      | Reached XP level 6. HP: 59/59 MP: 6/6
  2195 | D:5      | Noticed Grinder
  2200 | D:5      | Killed Grinder
  2200 | D:5      | Reached skill level 6 in Throwing
  2200 | D:5      | Reached XP level 7. HP: 64/66 MP: 7/7
  2201 | D:5      | Found Qekes's Elemental Accessories.
  2494 | D:4      | Found an iron altar of Okawaru.
  2684 | D:4      | Reached skill level 7 in Throwing
  2711 | D:4      | Noticed Natasha
  2712 | D:4      | Killed Natasha
  2999 | D:5      | Noticed Pikel
  3010 | D:5      | HP: 6/66 [Pikel/whip of freezing (1)]
  3022 | D:5      | Slain by a slave

Vault maps used:
D:1:      dpeg_arrival_tiny_a
D:2:      minitemple, lemuel_coloured_pillars_altar,
          chequers_temple_overflow_statue_of_worship
D:3:      tgw_trog, minmay_misc_feat_enclosed, hangedman_decor_push
D:4:      okawaru_trees_2, uniq_natasha
D:5:      first_ration, nicolae_elemental_shop, uniq_pikel, uniq_grinder,
          uniq_sigmund
Abyss:1:  evilmike_abyss_exit_17
Abyss:3:  abyss_exit_lava, hangedman_abyss_theft,
          gammafunk_abyss_rune_reverse_zot, evilmike_abyss_exit_8,
          hangedman_abyss_stitches_cave

Skill      XL: |  1  2  3  4  5  6  7 |
---------------+----------------------+-----
Throwing       | 1 2 3 4 5 6 7 |  7.3
Fighting       | |  2.4
Dodging        | |  1.9
Unarmed Combat | |  2.0
Invocations    | |  1.5

Action                   |  1- 3 |  4- 6 |  7- 9 || total
-------------------------+-------+-------+-------++-------
Melee: Unarmed           |    81 |     9 |       ||    90
       Punch             |     1 |       |       ||     1
 Fire: Fustibalus        |    16 |    43 |    31 ||    90
Invok: Depart the Abyss  |     1 |       |       ||     1
  Use: Scroll            |     5 |     2 |     4 ||    11
 Stab: Sleeping          |     1 |       |       ||     1
  Eat: Chunk             |    17 |     8 |     7 ||    32
Armor: Robe              |    19 |     1 |     8 ||    28
Dodge: Dodged            |    31 |     6 |     8 ||    45

Table legend:
 A = Non-vault XP
 B = Vault XP
 C = Vault XP percentage of total XP
 D = Non-vault monster count
 E = Vault monster count
 F = Vault count percentage of total count
                 A         B        C        D         E       F
            +---------+---------+-------+---------+---------+-------
      Total |     633 |     330 |  34.3 |      67 |       7 |   9.5
            +---------+---------+-------+---------+---------+-------
        D:1 |      44 |       0 |   0.0 |      18 |       0 |   0.0
        D:2 |      49 |       0 |   0.0 |      18 |       0 |   0.0
        D:3 |      70 |       5 |   6.7 |      14 |       5 |  26.3
        D:4 |     327 |      35 |   9.7 |      13 |       1 |   7.1
        D:5 |     143 |     290 |  67.0 |       4 |       1 |  20.0
            +---------+---------+-------+---------+---------+-------

Table legend:
 A = Turns spent in this place as a percentage of turns spent in the entire game.
 B = Non-inter-level travel turns spent in this place as a percentage of non-inter-level travel turns spent in the entire game.
 C = Inter-level travel turns spent in this place as a percentage of turns spent in this place.
 D = Turns resting spent in this place as a percentage of non-inter-level travel turns spent in this place.
 E = Turns spent auto-exploring this place as a percentage of non-inter-level travel turns spent in this place.
 F = Non-inter-level travel turns spent in this place divided by the number of levels of this place that you've seen.
                   A       B       C       D       E      F
               +-------+-------+-------+-------+-------+----------------------
         Total | 100.0 | 100.0 |  15.2 |   0.0 |   0.0 | 320.4
       Dungeon |  97.0 |  96.4 |  15.7 |   0.0 |   0.0 | 494.4
         Abyss |   3.0 |   3.6 |   0.0 |   0.0 |   0.0 |  30.3
               +-------+-------+-------+-------+-------+----------------------

Table legend:
 A = Kills in this place as a percentage of kills in entire the game.
 B = Kills by you in this place as a percentage of kills by you in the entire game.
 C = Kills by friends in this place as a percentage of kills by friends in the entire game.
 D = Other kills in this place as a percentage of other kills in the entire game.
 E = Experience gained in this place as a percentage of experience gained in the entire game.
 F = Experience gained in this place divided by the number of levels of this place that you have seen.
                   A       B       C       D       E      F
               +-------+-------+-------+-------+-------+----------------------
         Total | 100.0 | 100.0 |   N/A |   N/A | 100.0 | 120.4
       Dungeon | 100.0 | 100.0 |   N/A |   N/A | 100.0 | 192.6
               +-------+-------+-------+-------+-------+----------------------

Vault maps used:
D:1:      dpeg_arrival_tiny_a
D:2:      minitemple, lemuel_coloured_pillars_altar,
          chequers_temple_overflow_statue_of_worship
D:3:      tgw_trog, minmay_misc_feat_enclosed, hangedman_decor_push
D:4:      okawaru_trees_2, uniq_natasha
D:5:      first_ration, nicolae_elemental_shop, uniq_pikel, uniq_grinder,
          uniq_sigmund
Abyss:1:  evilmike_abyss_exit_17
Abyss:3:  abyss_exit_lava, hangedman_abyss_theft,
          gammafunk_abyss_rune_reverse_zot, evilmike_abyss_exit_8,
          hangedman_abyss_stitches_cave
